 Dungeon Crawl Stone Soup version 0.22.1-1-ga44c0e5 (webtiles) character file.

23 dvd the Sneak (level 2, -1/17 HPs)
             Began as an Octopode Fire Elementalist on Nov 2, 2018.
             Slain by a quokka (6 damage)
             ... on level 2 of the Dungeon.
             The game lasted 00:02:37 (1308 turns).

dvd the Sneak (Octopode Fire Elementalist)          Turns: 1308, Time: 00:02:38

Health: -1/17      AC:  1    Str:  7    XL:     2   Next: 95%
Magic:  1/5        EV: 13    Int: 17    God:
Gold:   106        SH:  0    Dex: 12    Spells: 2/5 levels left

rFire    . . .     SeeInvis .   d - +0 mace
rCold    . . .     Gourm    .   (no shield)
rNeg     . . .     Faith    .   (helmet restricted)
rPois    .         Spirit   .   g - amulet of harm
rElec    .         Reflect  .   k - ring of stealth
rCorr    .         Harm     +   h - ring of protection from magic
MR       +....                  (no ring)
Stlth    ++++......             (no ring)
HPRegen  0.05/turn              (no ring)
MPRegen  0.09/turn              (no ring)
                                (no ring)
                                (no ring)

@: no status effects
A: almost no armour, stealthy swim, amphibious, 8 rings, constrict 8, camouflage
1, gelatinous body 1
a: no special abilities


You were on level 2 of the Dungeon.
You were hungry.

You visited 1 branch of the dungeon, and saw 2 of its levels.

You collected 106 gold pieces.

Inventory:

Hand Weapons
 d - a +0 mace (weapon)
 l - a +0 hand axe
Jewellery
 g - an amulet of harm (around mantle)
 h - a ring of protection from magic (right tentacle)
 i - an uncursed ring of ice
 k - a ring of stealth (left tentacle)
Scrolls
 a - a scroll of immolation {unknown}
 c - a scroll of remove curse {unknown}
 e - a scroll of teleportation {unknown}
Potions
 f - a potion of resistance {unknown}
 j - a potion of magic {unknown}
Comestibles
 b - 2 rations


   Skills:
 + Level 2.1 Dodging
 + Level 3.6 Stealth
 + Level 2.1 Spellcasting
 + Level 1.5 Conjurations
 + Level 3.2 Fire Magic


You had 2 spell levels left.
You knew the following spells:

 Your Spells              Type           Power        Failure   Level  Hunger
a - Flame Tongue          Conj/Fire      #....        8%          1    #......
b - Throw Flame           Conj/Fire      #.....       11%         2    ###....

Your spell library contained the following spells:

 Spells                   Type           Power        Failure   Level  Hunger
 Conjure Flame            Conj/Fire      #.......     22%         3    ###....
 Inner Flame              Hex/Fire       #.......     30%         3    ###....
 Sticky Flame             Conj/Fire      #.......     58%         4    #####..
 Fireball                 Conj/Fire      #.........   90%         5    ######.


Dungeon Overview and Level Annotations

Branches:
Dungeon (2/15)

Altars:


Innate Abilities, Weirdness & Mutations

You cannot wear most types of armour.
You are very stealthy in the water. (Stealth+)
You are amphibious.
You can wear up to eight rings at the same time.
You can use your tentacles to constrict eight enemies at once.
Your skin changes colour to match your surroundings (Stealth+).
Your rubbery body absorbs attacks. (AC +1, EV +1)


Message History

Aim: a quokka The flame tongue hits the quokka.
The quokka is moderately wounded.
The quokka bites you.
Casting: Flame Tongue (safe; 8% risk of failure)
Confirm with . or Enter, or press ? or * to list all spells.
You don't have enough magic to cast that spell.
Unknown command.
You closely miss the quokka. Your grab misses the quokka.
You squeeze the quokka, but do no damage.
The quokka is moderately wounded.
The quokka bites you. The quokka barely misses you.
You barely miss the quokka. Your grab misses the quokka.
The quokka is moderately wounded.
The quokka bites you. x2
* * * LOW HITPOINT WARNING * * *
You closely miss the quokka. Your grab misses the quokka.
The quokka is moderately wounded.
The quokka bites you.
You die...

## #. #.###
#...#
######...#
.r.w.....#
########r.#
.......@..#
.########.#
#.# #.# #.#
#.#
########.#
#.).(....#
#.########


You could see a quokka.

Vanquished Creatures
  A dart slug (D:2)
  A leopard gecko (D:1)
  A giant cockroach (D:1)
  2 goblins (D:1)
  3 ball pythons (D:1)
  4 bats (D:1)
  2 frilled lizards (D:1)
  4 kobolds (D:1)
  4 rats (D:1)
22 creatures vanquished.

Notes
Turn   | Place    | Note
-------+----------+-------------------------------------------
     0 | D:1      | dvd the Octopode Fire Elementalist began the quest for the
                  | Orb.
     0 | D:1      | Reached XP level 1. HP: 11/11 MP: 3/3
   381 | D:1      | Reached XP level 2. HP: 17/17 MP: 3/5
   665 | D:1      | Learned a level 2 spell: Throw Flame
  1308 | D:2      | Slain by a quokka

Skill      XL: |  1 |
---------------+----+-----
Stealth        | 3 |  3.6
Dodging        | |  2.1
Spellcasting   | |  2.1
Conjurations   | |  1.5
Fire Magic     | |  3.2

Action                   || total
-------------------------++-------
Melee: Mace              ||    20
       Constrict         ||     6
       Tentacles         ||     1
 Cast: Flame Tongue      ||    24
       Throw Flame       ||     5
 Stab: Sleeping          ||     2
  Eat: Chunk             ||     1
Armor: Skin              ||     4
Dodge: Dodged            ||    24
